 Dungeon Crawl Stone Soup version 0.31-a0-844-gdc52ec4e09 (webtiles) character file.

Game seed: 15362668159097533646

221 pop123321pop the Cudgeller (level 5, -3/54 HPs)
             Began as an Ogre Fighter on Sept 30, 2023.
             Was a Follower of Trog.
             Slain by an orc
             ... wielding a +0 scythe
              (8 damage)
             ... on level 4 of the Dungeon.
             The game lasted 00:02:42 (3091 turns).

pop123321pop the Cudgeller (Ogre Fighter)           Turns: 3091, Time: 00:02:43

Health: -3/54      AC:  3    Str: 20    XL:     5   Next: 98%
Magic:  5/5        EV:  8    Int:  9    God:    Trog [*.....]
Gold:   137        SH:  8    Dex: 10    Spells: 4/4 levels left

rFire   . . .        a - +0 flail
rCold   . . .        c - +0 kite shield
rNeg    . . .        b - +0 robe
rPois   .            (helmet restricted)
rElec   .            (no cloak)
rCorr   .            (gloves unavailable)
SInv    .            (boots unavailable)
Will    .....        (no amulet)
Stlth   +            (no ring)
HPRegen 0.29/turn    (no ring)
MPRegen 0.09/turn

%: no passive effects
@: no status effects
A: large, unfitting armour, tough skin 1
a: Renounce Religion, Berserk


You were on level 4 of the Dungeon.
You worshipped Trog.
Trog was aware of your devotion.
You visited 1 branch of the dungeon, and saw 4 of its levels.

You collected 137 gold pieces.

Inventory:

Hand Weapons
 a - a +0 flail (weapon)
Armour
 b - a +0 robe (worn)
 c - a +0 kite shield (worn)
Jewellery
 j - a ring of magical power
 k - a ring of resist corrosion
Scrolls
 e - 3 scrolls of noise {unknown}
 f - 2 scrolls of teleportation {unknown}
 g - 3 scrolls of immolation {unknown}
 h - a scroll of amnesia {unknown}
 i - 2 scrolls of acquirement {unknown}
 m - a scroll of poison {unknown}
 o - 3 scrolls of identify {unknown}
Potions
 d - a potion of might
 l - a potion of degeneration {unknown}
 n - a potion of brilliance {unknown}
 p - a potion of berserk rage {unknown}
 q - 2 potions of haste {unknown}


   Skills:
 - Level 4.0 Fighting
 + Level 5.5 Maces & Flails
 - Level 2.6 Dodging
 - Level 3.0 Shields


You had 4 spell levels left.
You didn't know any spells.
Your spell library was empty.

Dungeon Overview and Level Annotations

Branches:
Dungeon (4/15)
 Temple: D:4-7

Altars:
Trog


Innate Abilities, Weirdness & Mutations

You are too large for most types of armour.
You have tough skin. (AC +1)


Message History

Unknown command.
There are monsters nearby!
You closely miss the gnoll. The orc barely misses you.
The gnoll hits you with a +0 scythe. The orc barely misses you.
The gnoll barely misses you.
Unknown command.
There are monsters nearby!
You are too injured to fight recklessly!
Unknown command.
There are monsters nearby!
You are too injured to fight recklessly!
Unknown command.
There are monsters nearby!
Unknown command.
You are too injured to fight recklessly!
There are monsters nearby!
You are too injured to fight recklessly!
Unknown command.
There are monsters nearby!
You are too injured to fight recklessly!
Unknown command.
There are monsters nearby!
Unknown command.
You are too injured to fight recklessly!
There are monsters nearby!
Unknown command.
You hit the gnoll but do no damage. The orc hits you with a +0 scythe.
The gnoll barely misses you.
You hit the gnoll.
The gnoll is moderately wounded.
The orc hits you with a +0 scythe.
* * * LOW HITPOINT WARNING * * *
The gnoll hits you with a +0 scythe!
* * * LOW HITPOINT WARNING * * *
You sock the gnoll!
You kill the gnoll!
Trog accepts your kill. The orc barely misses you.
You closely miss the orc. The orc hits you with a +0 scythe!
You die...

######### #.......# #..
#...>...# #.. #.......#
############ #..)
#.....######..........#
....###...#o.##....<.......
..........@).#.............
###.##....#).#.....>.......
#.....######.............
########..## #..#.............
#......#..# #.#....<........
#......#..### #..#............
#......#....####..............
#......#.....#...#.########...
#....................## #...


You could see an orc.

Vanquished Creatures
  A hound (D:4)
  An orc priest (D:2)
  An orc wizard (D:4)
  2 gnolls (D:4)
  4 adders
  2 worms
  A dart slug (D:3)
  10 orcs
  6 ball pythons
  4 bats
  4 endoplasms
  4 giant cockroaches
  A hobgoblin (D:1)
  2 jackals (D:1)
  7 kobolds
  2 quokkas
  4 frilled lizards
  4 goblins
  8 rats
68 creatures vanquished.

Notes
Turn   | Place    | Note
-------+----------+-------------------------------------------
     0 | D:1      | pop123321pop the Ogre Fighter began the quest for the Orb.
     0 | D:1      | Reached XP level 1. HP: 24/24 MP: 1/1
    54 | D:1      | Reached skill level 2 in Maces & Flails
    99 | D:1      | Reached XP level 2. HP: 19/32 MP: 2/2
   474 | D:1      | Reached skill level 3 in Maces & Flails
   579 | D:1      | Reached XP level 3. HP: 37/39 MP: 3/3
   832 | D:2      | Reached XP level 4. HP: 28/48 MP: 4/4
  1046 | D:2      | Reached skill level 4 in Maces & Flails
  1128 | D:2      | Found a faded altar of an unknown god.
  1529 | D:2      | Prayed at the altar of an unknown god.
  1529 | D:2      | Became a worshipper of Trog the Wrathful
  1529 | D:2      | Reached * piety under Trog
  1961 | D:3      | Reached XP level 5. HP: 51/54 MP: 5/5
  2626 | D:4      | Reached skill level 5 in Maces & Flails
  3091 | D:4      | Slain by an orc

Illustrated notes

Levels and vault maps discovered:
D:1:      sevenhm_arrival_forest_fort_small_6, layout_basic,
          grunt_decor_one_mirror, item_on_display_a
D:2:      layout_basic, chequers_ecumenical_altar_simple
D:3:      layout_loops_corners
D:4:      layout_rooms, sigmund_army

Skill      XL: |  1  2  3  4  5 |
---------------+----------------+-----
Maces & Flails | 2 3 4 5 |  5.5
Fighting       | |  4.0
Dodging        | |  2.6
Shields        | |  3.0

Action                     |  1- 3 |  4- 6 || total
---------------------------+-------+-------++-------
  Melee: Flail             |    76 |   140 ||   216
 Invoke: Berserk           |       |     1 ||     1
   Stab: Sleeping          |     1 |     1 ||     2
 Armour: Robe              |    55 |   111 ||   166
  Dodge: Dodged            |    30 |    67 ||    97
  Block: Kite shield       |    44 |    69 ||   113

Table legend: (Time is in decaauts)
 A = Elapsed time spent in this place.
 B = Non-inter-level travel time spent in this place.
 C = Inter-level travel time spent in this place.
 D = Time resting spent in this place.
 E = Time spent auto-exploring this place.
 F = Levels seen in this place.
 G = Mean time per level.
                   A        B        C        D        E       F      G
               +--------+--------+--------+--------+--------+-----+--------+
         Total |   3175 |   3025 |    150 |    402 |   2097 |   4 |  793.8 |
       Dungeon |   3175 |   3025 |    150 |    402 |   2097 |   4 |  793.8 |
               +--------+--------+--------+--------+--------+-----+--------+

Top non-repeatable levels by time:
     D:3: 924 daAuts
     D:1: 816 daAuts
     D:2: 775 daAuts
     D:4: 658 daAuts
